Map: [ESL] Hardwire

Players

Zoun

  • Race: Protoss Protoss

Clem - Winner!

  • Race: Terran Terran

Event: IEM Katowice 2022

VOD

Have the link to the VOD?

Description

Time

  • Played on: Feb. 25, 2022, 3:14 p.m.
  • Length: 13:40

All games in this series

Show
View Real Time Build Order
Export as new Build Order

Zoun Protoss 

Build Orders: Zealot Archon, Dark Templar Rush 

Get SALT Encoding   

  12  0:00  Probe  
  13  0:12  Probe  
  14  0:17  Pylon  
  14  0:24  Probe (Chrono Boost)  
  15  0:36  Probe (Chrono Boost)  
  15  0:39  Gateway  
  16  0:45  Probe (Chrono Boost)  
  16  0:47  Assimilator  
  17  0:50  Probe  
  18  0:58  Pylon  
  18  1:03  Probe  
  19  1:15  Probe  
  19  1:17  Gateway  
  20  1:25  Cybernetics Core  
  21  1:49  Nexus  
  20  2:06  Probe  
  20  2:07  Adept (Chrono Boost)  
  25  2:09  Stalker (Chrono Boost)  
  25  2:18  Warp Gate  
  25  2:20  Probe  
  26  2:27  Adept  
  28  2:32  Pylon  
  28  2:36  Adept  
  30  2:40  Probe  
  30  2:43  Assimilator  
  30  3:01  Probe (Chrono Boost)  
  30  3:02  Probe (Chrono Boost)  
  30  3:03  Shield Battery  
  31  3:11  Probe (Chrono Boost)  
  33  3:13  Probe (Chrono Boost)  
  33  3:15  Probe (Chrono Boost)  
  33  3:18  Twilight Council  
  36  3:27  Probe x2 (Chrono Boost)  
  36  3:29  Pylon  
  36  3:35  Probe (Chrono Boost)  
  36  3:37  Probe (Chrono Boost)  
  38  3:41  Probe  
  38  3:46  Probe  
  40  3:53  Probe  
  39  3:58  Dark Shrine  
  39  3:59  Gateway, Probe  
  40  4:03  Gateway  
  40  4:06  Probe  
  41  4:11  Probe  
  41  4:13  Blink (Chrono Boost)  
  41  4:14  Gateway  
  42  4:18  Probe  
  42  4:23  Probe  
  44  4:24  Assimilator  
  44  4:31  Probe  
  45  4:35  Stalker, Probe  
  48  4:39  Pylon  
  48  4:43  Probe  
  49  4:52  Probe  
  50  4:57  Nexus  
  50  5:01  Pylon  
  49  5:09  Dark Templar x2  
  49  5:12  Dark Templar  
  55  5:15  Probe x2  
  55  5:16  Assimilator  
  55  5:20  Stalker  
  59  5:25  Pylon  
  59  5:26  Shield Battery  
  59  5:27  Probe x2  
  61  5:37  Forge  
  61  5:39  Probe  
  61  5:41  Probe  
  63  5:46  Robotics Facility  
  63  5:50  Stalker x2  
  63  5:51  Probe  
  63  5:52  Stalker  
  63  5:54  Probe (Chrono Boost)  
  71  6:00  Shadow Stride  
  71  6:03  Charge (Chrono Boost), Probe (Chrono Boost)  
  72  6:07  Probe (Chrono Boost)  
  73  6:17  Probe x2 (Chrono Boost)  
  73  6:21  Dark Templar  
  77  6:27  Stalker x2, Archon  
  77  6:28  Archon  
  77  6:32  Stalker  
  81  6:36  Probe x2  
  83  6:43  Probe  
  82  6:48  Probe x2  
  84  6:55  Gateway, Probe  
  84  6:56  Gateway  
  84  6:58  Assimilator, Protoss Ground Weapons Level 1 (Chrono Boost)  
  84  6:59  Gateway, Sentry, Pylon, Assimilator  
  84  7:00  Gateway, Probe x2  
  89  7:05  Observer  
  89  7:07  Probe  
  91  7:12  Probe  
  91  7:15  Pylon  
  92  7:17  Pylon  
  92  7:18  Zealot x3  
  96  7:24  Stalker  
  98  7:32  Immortal (Chrono Boost)  
  98  7:35  Pylon  
  102  7:41  Zealot x3  
  108  7:51  Sentry x2  
  108  7:55  Dark Templar x2  
  112  8:03  Immortal  
  112  8:04  Dark Templar  
  112  8:05  Zealot x2  
  112  8:10  Dark Templar  
  116  8:14  Dark Templar  
  116  8:15  Zealot  
  120  8:22  Nexus  
  120  8:26  Probe x2  
  118  8:28  Zealot x3  
  120  8:37  Pylon  
  120  8:40  Photon Cannon  
  120  8:41  Pylon  
  120  8:42  Photon Cannon  
  120  8:45  Dark Templar x2  
  124  8:54  Observer  
  122  8:55  Stalker x3  
  122  9:00  Protoss Ground Weapons Level 2 (Chrono Boost)  
  122  9:01  Photon Cannon  
  126  9:05  Probe x2, Zealot  
  130  9:11  Robotics Bay  
  130  9:14  Zealot  
  132  9:18  Pylon  
  132  9:20  Pylon, Nexus  
  132  9:23  Pylon  
  132  9:32  Observer  
  130  9:38  Probe  
  130  9:43  Dark Templar x2  
  130  9:44  Dark Templar x4  
  141  9:49  Probe  
  141  9:52  Robotics Facility  
  140  9:56  Disruptor (Chrono Boost)  
  140  9:57  Shield Battery, Probe x2  
  140  9:59  Photon Cannon  
  145  10:05  Zealot x2  
  149  10:23  Zealot x3  
  149  10:33  Zealot x3  
  149  10:34  Zealot  
  140  10:53  Probe  
  140  10:55  Probe x2  
  113  10:57  Pylon, Dark Templar, Disruptor (Chrono Boost)  
  113  10:58  Dark Templar x3  
  113  11:01  Pylon  
  127  11:05  Probe  
  127  11:07  Nexus  
  127  11:11  Pylon, Disruptor (Chrono Boost)  
  128  11:23  Colossus (Chrono Boost)  
  128  11:24  Extended Thermal Lance  
  128  11:26  Probe x3  
  128  11:28  Observer  
  137  11:36  Shield Battery  
  137  11:38  Colossus (Chrono Boost), Probe x2  
  145  11:51  Zealot x6  
  157  12:06  Zealot x2  
  158  12:09  Disruptor  
  152  12:17  Zealot x5  
  160  12:28  Zealot x3  
  160  12:29  Colossus (Chrono Boost)  
  164  12:38  Nexus  
  164  12:48  Pylon  
  164  12:49  Pylon  
  153  13:05  Stalker x5  
  114  13:17  Zealot x3  
  107  13:29  Dark Templar x3  
  93  13:36  Archon  
Show
View Real Time Build Order
Export as new Build Order

Clem Terran - Winner!

Build Orders: Reaper Expand 

Get SALT Encoding   

  12  0:00  SCV  
  13  0:12  SCV  
  14  0:16  Supply Depot  
  14  0:24  SCV  
  15  0:38  SCV  
  15  0:40  Barracks  
  16  0:42  Refinery  
  16  0:50  SCV  
  17  1:02  SCV  
  18  1:14  SCV  
  19  1:27  Reaper, Orbital Command  
  20  1:42  Supply Depot  
  20  1:48  Command Center  
  20  1:52  SCV  
  21  2:00  Barracks Tech Lab  
  21  2:05  SCV  
  22  2:14  Bunker  
  22  2:17  SCV  
  22  2:18  Concussive Shells  
  22  2:19  Marauder  
  25  2:24  Refinery  
  25  2:27  Supply Depot  
  25  2:29  SCV  
  25  2:40  Marauder  
  25  2:41  SCV  
  28  2:53  SCV  
  28  2:56  Factory  
  29  3:00  Orbital Command  
  31  3:05  Marauder  
  31  3:08  SCV  
  31  3:19  Orbital Command  
  31  3:20  SCV  
  31  3:23  Barracks  
  33  3:33  SCV  
  33  3:37  Barracks Reactor  
  33  3:44  SCV  
  33  3:45  SCV  
  30  3:57  SCV x2  
  30  3:59  Cyclone  
  35  4:09  SCV x2  
  37  4:10  Marine  
  37  4:13  Marine x2  
  40  4:21  SCV x2  
  40  4:23  Engineering Bay  
  42  4:31  Barracks Tech Lab, Marine x2, Siege Tank  
  42  4:33  SCV x2  
  42  4:35  Supply Depot  
  49  4:45  SCV x2  
  51  4:49  Barracks, Marine x2  
  51  4:52  Stimpack  
  53  4:53  Marine  
  53  4:57  SCV  
  53  4:59  SCV  
  56  5:00  Supply Depot  
  56  5:05  Missile Turret  
  56  5:08  Marine  
  56  5:09  SCV, Refinery, Marine  
  56  5:11  SCV  
  60  5:15  Terran Infantry Weapons Level 1  
  60  5:20  Supply Depot  
  60  5:21  SCV  
  60  5:24  SCV  
  60  5:26  Marauder  
  64  5:30  Starport  
  64  5:31  Factory Reactor  
  64  5:33  SCV  
  65  5:38  Marine x2  
  65  5:40  SCV  
  68  5:43  Refinery  
  68  5:45  SCV  
  68  5:46  Supply Depot  
  68  5:48  Combat Shield  
  69  5:51  Marauder  
  69  5:52  Marine  
  72  5:58  Supply Depot, SCV  
  72  5:59  Marine  
  72  6:01  Marine  
  72  6:03  SCV  
  76  6:07  Supply Depot  
  76  6:11  SCV  
  77  6:15  SCV, Factory Reactor, Medivac  
  77  6:18  Medivac  
  82  6:19  Marine  
  82  6:21  Marauder  
  82  6:23  Marine  
  85  6:28  Marauder  
  85  6:30  Supply Depot  
  87  6:37  Marine  
  86  6:41  Marine  
  86  6:42  Marauder  
  82  6:49  Marine, Medivac x2  
  82  6:52  Widow Mine x2  
  90  6:55  Marine  
  90  6:59  Marine  
  92  7:05  Command Center  
  92  7:08  Marauder x2  
  96  7:14  Widow Mine x2  
  100  7:16  Supply Depot, Terran Infantry Armor Level 1  
  100  7:21  Marine x2  
  102  7:29  Barracks, Marauder  
  103  7:32  Barracks  
  103  7:37  Supply Depot, Medivac  
  103  7:39  SCV  
  103  7:41  SCV, Marine  
  108  7:48  Widow Mine x2, Marauder  
  108  7:50  Marine  
  115  7:51  SCV  
  115  7:55  Marauder  
  115  8:02  Marine  
  115  8:04  Supply Depot  
  115  8:05  Medivac  
  112  8:10  Marauder, Medivac  
  112  8:12  Widow Mine  
  120  8:13  Widow Mine  
  120  8:15  SCV x2  
  120  8:16  Marine  
  123  8:21  Orbital Command  
  123  8:25  Barracks Reactor, Barracks Tech Lab  
  122  8:28  SCV, Marauder  
  122  8:29  SCV  
  122  8:33  Marine  
  122  8:34  Missile Turret, Marauder  
  124  8:38  Ghost Academy  
  124  8:40  Widow Mine x2  
  128  8:41  Marine  
  128  8:45  Marine  
  130  8:48  SCV x2  
  130  8:49  SCV, Marauder  
  130  8:51  Supply Depot  
  130  8:52  Marine  
  136  8:55  Marauder  
  136  9:02  Supply Depot, Medivac x2  
  140  9:03  SCV  
  140  9:05  Refinery  
  140  9:07  Ghost  
  140  9:09  Ghost  
  143  9:12  Supply Depot  
  143  9:15  Marine x3  
  143  9:16  Marine x2  
  148  9:21  SCV x2  
  148  9:22  SCV  
  149  9:33  Marine  
  149  9:34  Ghost  
  149  9:35  Ghost, Marine x2  
  149  9:37  Marine  
  149  9:38  Ghost  
  145  9:45  Widow Mine x2  
  151  9:49  Medivac  
  151  9:51  Marine  
  153  9:53  Supply Depot  
  153  9:54  Marine  
  153  9:55  Marine x2  
  156  10:02  Ghost  
  156  10:06  Command Center  
  158  10:09  Marine  
  158  10:10  Ghost  
  161  10:14  Supply Depot, Marine x2  
  161  10:16  Marine  
  161  10:18  SCV x2  
  160  10:21  SCV  
  151  10:30  SCV  
  151  10:34  Marine  
  151  10:35  Marauder  
  150  10:37  Ghost  
  150  10:39  Marine  
  150  10:40  Marine x3  
  141  10:50  Widow Mine  
  141  10:54  Marine  
  141  10:56  Widow Mine  
  141  10:57  Marauder  
  133  10:58  SCV x2  
  133  10:59  Marauder  
  133  11:01  Armory, Engineering Bay  
  133  11:02  Marine  
  133  11:03  Marine x2  
  140  11:04  Command Center  
  140  11:05  Ghost  
  140  11:10  Missile Turret  
  142  11:12  Enhanced Shockwaves  
  142  11:15  SCV  
  142  11:16  SCV  
  142  11:18  SCV  
  145  11:21  Widow Mine x2  
  149  11:25  Liberator  
  149  11:27  Liberator  
  149  11:31  Marine  
  149  11:32  Refinery, Marine x3  
  159  11:33  Marine  
  159  11:38  Ghost  
  162  11:43  Widow Mine  
  162  11:44  Widow Mine  
  165  11:48  Marauder  
  165  11:49  Supply Depot  
  165  11:50  Marine x2  
  165  11:51  Missile Turret, Marine  
  170  12:01  Marine  
  162  12:06  Marauder  
  162  12:07  Marine  
  162  12:08  Command Center  
  165  12:10  Liberator  
  161  12:16  SCV  
  161  12:17  Ghost  
  161  12:18  Marine  
  161  12:20  Viking  
  161  12:21  Marine  
  165  12:24  Marine  
  154  12:31  Marine  
  154  12:32  Marauder  
  154  12:36  Marauder  
  159  12:41  Marine  
  159  12:42  Marine  
  161  12:50  Viking  
  163  12:55  Marine x2  
  160  13:02  Marauder x2, Marine  
  160  13:03  Marine  
  152  13:06  Marauder  
  152  13:08  Widow Mine x2  
  152  13:09  Viking  
  155  13:16  Marine  
  150  13:22  SCV x3  

Tags
 
Add a new tag
Caveats
  • Supply blocks, unpowered buildings, or Contaminate may cause inaccurate times.
  • Supply counts are checked every 10 seconds.